 Dungeon Crawl Stone Soup version 0.20.1-1-g8b1a95d (webtiles) character file.

974 digijack the Skirmisher (level 7, -1/59 HPs)
             Began as a Demigod Wanderer on Nov 5, 2017.
             Hit by a stone thrown by an orc warrior (11 damage)
             ... on level 5 of the Dungeon on Nov 7, 2017.
             The game lasted 00:53:39 (5660 turns).

digijack the Skirmisher (Demigod Wanderer)          Turns: 5660, Time: 00:53:40

Health: -1/59      AC:  4    Str: 14 (15) XL:     7   Next: 63%
Magic:  3/15       EV: 11    Int: 20      God:
Gold:   285        SH:  0    Dex: 15      Spells: 8/12 levels left

rFire    . . .     SeeInvis .   h - +2 short sword (distort)
rCold    . . .     Gourm    .   (no shield)
rNeg     . . .     Faith    .   e - +1 robe
rPois    .         Spirit   .   r - +0 helmet
rElec    .         Reflect  .   (no cloak)
rCorr    .         Harm     .   (no gloves)
MR       +....                  (no boots)
Stlth    +.........             o - amulet of rage
Regen    0.2/turn               g - ring of protection from magic
MPRegen  0.2/turn               (no ring)

@: no status effects
A: high mp 1
a: Evoke Berserk Rage


You were on level 5 of the Dungeon.
You were not hungry.

You visited 1 branch of the dungeon, and saw 5 of its levels.

You collected 285 gold pieces.

Inventory:

Hand Weapons
 c - a +1 short sword
 h - a +2 short sword of distortion (weapon)
Armour
 e - a +1 robe (worn)
 r - a +0 helmet (worn)
Jewellery
 g - a ring of protection from magic (left hand)
 o - an amulet of rage (around neck)
Wands
 d - a wand of polymorph (7/24)
 f - a wand of flame (20/48)
 j - a wand of polymorph (6/24)
Scrolls
 l - a scroll of remove curse
Potions
 i - a potion of flight
 q - a potion of heal wounds
Books
 a - a book of Air

   Spells                             Type                      Level
   a - Shock                          Conjuration/Air              1
   b - Swiftness                      Charms/Air                   2
   c - Static Discharge               Conjuration/Air              3
   d - Airstrike                      Air                          4
   e - Lightning Bolt                 Conjuration/Air              5
 b - the Almanac of Blows and Bruises

   Spells                             Type                      Level
   a - Shock                          Conjuration/Air              1
   b - Dazzling Spray                 Conjuration/Hexes            3
Comestibles
 k - a meat ration
 m - a royal jelly
 n - 2 bread rations
 p - 3 fruits
 s - 4 chunks of flesh


   Skills:
 - Level 4.0 Fighting
 + Level 3.3 Short Blades
   Level 1.0 Bows
 - Level 1.7 Throwing
 - Level 1.7 Armour
 - Level 0.2 Stealth
 + Level 3.4 Spellcasting
 + Level 3.6 Conjurations
   Level 1.0 Ice Magic
 * Level 3.6 Air Magic


You had 8 spell levels left.
You knew the following spells:

 Your Spells              Type           Power        Failure   Level  Hunger
a - Shock                 Conj/Air       ###.         3%          1    None
b - Static Discharge      Conj/Air       ###.....     10%         3    ###....


Dungeon Overview and Level Annotations

Branches:
Dungeon (5/15)
 Temple: D:4-7

Annotations:
Abyss:1 Natasha


Innate Abilities, Weirdness & Mutations

You have an increased reservoir of magic. (+10% MP)


Message History

Aiming: Shock
Press: ? - help, Shift-Dir - straight line, p - orc warrior
Okay, then.
The orc warrior throws a stone.
The stone hits you but does no damage.
Items here: ( )) [ a stone; a mace; a leather armour; a dagger The orc warrior throws a stone.
The stone barely misses you.
You hear a distant blaring wail to the west.
The orc warrior throws a stone.
The stone barely misses you.
The orc warrior throws a stone.
The stone hits you!
* * * LOW HITPOINT WARNING * * *
You see here a stone.
The orc warrior throws a stone.
The stone hits you but does no damage.
You see here a stone.
Casting: Shock
Confirm with . or Enter, or press ? or * to list all spells.
You can't see any susceptible monsters within range! (Use Z to cast anyway.)
You start resting.
The orc warrior throws a stone.
The stone hits you!
You die...

.# ###(..### .##
###...#.# ..##
###.((.##...
...####..((o#######
....#....##..###
...#...####....##
......## ##....##
.>..### #.....###
..### ##...@..##
.###..## #.......##
.##....##
##.......#
.#......##
##..^...#
.........##
#.....##
..........# ##...##
..........## ##..#
...........## ####
............#


You could see an orc warrior.

Vanquished Creatures
  Grinder (D:4)
  Eustachio (D:4)
  A centaur (D:5)
  The ghost of letownia2 the Grave Robber, a weakling DDNe (D:4)
  2 hounds (D:4)
  2 orc priests
  2 centaur skeletons (D:4)
  Jessica (D:2)
  An orc wizard (D:5)
  Natasha (D:4)
  A worker ant (D:4)
  Robin (D:3)
  8 adders
  2 oozes
  An adder zombie (D:5)
  4 dart slugs
  3 worms
  4 leopard geckos
  10 orcs
  7 giant cockroaches
  16 goblins
  9 hobgoblins
  6 jackals
  A quokka (D:4)
  9 bats
  10 frilled lizards
  A jackal skeleton (D:4)
  6 kobolds
  A quokka skeleton (D:4)
  8 rats
121 creatures vanquished.

Vanquished Creatures (others)
  An orc (D:4)
1 creature vanquished.

Grand Total: 122 creatures vanquished

Notes
Turn   | Place    | Note
-------+----------+-------------------------------------------
     0 | D:1      | digijack the Demigod Wanderer began the quest for the Orb.
     0 | D:1      | digijack set off with: a book of Air, the Almanac of Blows and Bruises, a +0 shortbow, 25 arrows, a +0 robe, a bread ration
     0 | D:1      | Reached XP level 1. HP: 17/17 MP: 4/4
     2 | D:1      | Learned a level 1 spell: Shock
   335 | D:1      | Reached XP level 2. HP: 8/24 MP: 1/6
   818 | D:1      | Reached skill level 1 in Conjurations
   970 | D:1      | Reached skill level 2 in Fighting
  1167 | D:1      | Reached XP level 3. HP: 29/29 MP: 5/7
  1295 | D:1      | You fall through a shaft!
  1414 | D:2      | Learned a level 3 spell: Static Discharge
  1512 | D:2      | Reached skill level 1 in Short Blades
  1714 | D:2      | Noticed Jessica
  1718 | D:2      | Killed Jessica
  1718 | D:2      | Reached XP level 4. HP: 37/37 MP: 5/9
  2942 | D:3      | Found a shadowy altar of Dithmenos.
  2943 | D:3      | Noticed Robin
  2950 | D:3      | Reached XP level 5. HP: 42/44 MP: 4/10
  2967 | D:3      | Killed Robin
  3600 | D:4      | Noticed Eustachio
  3641 | D:4      | Killed Eustachio
  3641 | D:4      | Reached skill level 3 in Fighting
  3641 | D:4      | Reached XP level 6. HP: 7/51 MP: 0/12
  3646 | D:4      | HP: 2/51 [leopard gecko (4)]
  4051 | D:4      | Noticed Grinder
  4071 | D:4      | Killed Grinder
  4261 | D:4      | Found a glowing golden altar of the Shining One.
  4402 | D:4      | Noticed Natasha
  4408 | D:4      | Killed Natasha
  4548 | D:4      | Reached XP level 7. HP: 56/57 MP: 7/14
  4710 | D:4      | Noticed Natasha
  4718 | D:4      | Banished Natasha
  4928 | D:4      | Noticed letownia2's ghost (weakling DDNe)
  4937 | D:4      | Killed letownia2's ghost
  5494 | D:5      | Entered Level 5 of the Dungeon
  5543 | D:5      | Reached skill level 4 in Fighting
  5660 | D:5      | Hit by a stone thrown by an orc warrior

Skill      XL: |  1  2  3  4  5  6  7 |
---------------+----------------------+-----
Conjurations   | 1 2 3 |  3.6
Fighting       | 2 3 4 |  4.0
Short Blades   | 1 2 3 |  3.3
Air Magic      | 2 3 |  3.6
Spellcasting   | 2 3 |  3.4
Bows           | |  1.0
Throwing       | |  1.7
Armour         | |  1.7
Stealth        | |  0.2
Ice Magic      | |  1.0

Action                   |  1- 3 |  4- 6 |  7- 9 || total
-------------------------+-------+-------+-------++-------
Melee: Short sword       |    43 |    55 |     5 ||   103
 Fire: Shortbow          |     7 |       |       ||     7
 Cast: Shock             |    81 |   146 |    74 ||   301
       Static Discharge  |     3 |     4 |     1 ||     8
  Use: Scroll            |     6 |     2 |       ||     8
       Potion            |     3 |     6 |       ||     9
  Eat: Chunk             |     4 |     8 |     2 ||    14
       Bread ration      |     1 |       |       ||     1
       Meat ration       |       |       |     1 ||     1
Armor: Robe              |     9 |    26 |     4 ||    39
Dodge: Dodged            |    26 |    50 |    21 ||    97
